AoeStats
← sksarthak

Arabia

510163950Analyzed
1v1 RM · 1d ago on Sep 29, 2026· 47m 21s· 2 players
Game mode
Random Map
Map size
Tiny (2 player)
Population
200
Speed
Normal
Resources
Standard
Victory
Conquest
Starting age
Dark Age
Ending age
Imperial Age
RankedLock teamsTeams togetherTeam positionsShared explorationLock speedFull tech treeHidden civsTurbo modeCheats
Victory
Defeat
🇺🇸 Varangians · United States
1135
+14
🇬🇧 Cumans · United Kingdom
1097
-14
Grapist
4:44 Loom
11:00 Feudal Age
13:44 Double-Bit Axe
19:46 Fletching
21:01 Padded Archer Armor
22:08 Scale Mail Armor
25:42 Castle Age
24:46 Horse Collar
25:44 Pikeman
26:25 Squires
28:49 Chain Mail Armor
28:45 Forging
30:22 Squires
30:42 Capped Ram
35:00 Elite Skirmisher
36:26 Leather Archer Armor
36:08 Bodkin Arrow
43:38 Imperial Age
42:58 Leather Archer Armor
47:54 Ring Archer Armor
sksarthak
5:59 Loom
9:01 Feudal Age
10:39 Horse Collar
16:41 Wheelbarrow
20:02 Castle Age
18:47 Double-Bit Axe
18:56 Gold Mining
19:45 Bloodlines
20:12 Forging
20:07 Scale Barding Armor
25:31 Chain Barding Armor
29:36 Iron Casting
30:17 Elite Skirmisher
33:11 Fletching
33:22 Padded Archer Armor
34:45 Bodkin Arrow
35:06 Leather Archer Armor
40:46 Imperial Age
40:08 Hand Cart
39:39 Town Watch
40:23 Husbandry
39:44 Light Cavalry
42:15 Conscription
43:18 Bracer
43:50 Ring Archer Armor
44:21 Blast Furnace
42:55 Cranequins
44:25 Light Cavalry
47:32 Ballistics
Connection lost

Rejoining the realm…

Still unreachable

The connection could not be restored.

Session expired

The server has moved on; the page needs a fresh start.